 Dungeon Crawl Stone Soup version 0.27.1-33-g824d729ab1 (webtiles) character file.

Game seed: 12958491567445306651

119 potato4science the Sneak (level 5, -2/41 HPs)
             Began as a Human Delver on Dec 24, 2021.
             Slain by an iguana (8 damage)
             ... on level 4 of the Dungeon.
             The game lasted 00:12:55 (3932 turns).

potato4science the Sneak (Human Delver)             Turns: 3932, Time: 00:12:55

Health: -2/41      AC:  5    Str: 14    XL:     5   Next: 24%
Magic:  5/5        EV:  9    Int: 10    God:
Gold:   153        SH:  8    Dex: 14    Spells: 2/4 levels left

rFire    . . .     SeeInvis +   a - +0 hand axe
rCold    . . .     Faith    .   n - +0 kite shield
rNeg     . . .     Spirit   .   w - +0 leather armour
rPois    .         Reflect  .   (no helmet)
rElec    .         Harm     .   x - +0 cloak
rCorr    .         Rampage  .   i - +0 pair of gloves
Will     .....                  (no boots)
Stlth    +++.......             m - amulet of magic regeneration
HPRegen  0.13/turn              t - ring of see invisible
MPRegen  0.34/turn              (no ring)

@: no status effects
A: no striking features
a: no special abilities


You were on level 4 of the Dungeon.
You visited 1 branch of the dungeon, and saw 5 of its levels.

You collected 153 gold pieces.

Inventory:

Hand Weapons
 a - a +0 hand axe (weapon)
 b - a +0 hunting sling
Missiles
 r - 20 sling bullets
 s - 138 stones (quivered)
Armour
 i - a +0 pair of gloves (worn)
 n - a +0 kite shield (worn)
 w - a +0 leather armour (worn)
 x - a +0 cloak (worn)
Jewellery
 m - an amulet of magic regeneration (around neck)
 t - a ring of see invisible (left hand)
Wands
 g - a wand of digging (3)
Scrolls
 c - a scroll of fog
 e - a scroll of fear
 h - 3 scrolls of silence {unknown}
 q - 2 scrolls of amnesia {unknown}
 u - a scroll of teleportation {unknown}
 v - 2 scrolls of blinking {unknown}
Potions
 f - a potion of haste
 j - a potion of ambrosia {unknown}
 k - 2 potions of flight
 l - a potion of brilliance {unknown}
 o - a potion of might {unknown}
 p - a potion of berserk rage {unknown}
 A - a potion of magic {unknown}


   Skills:
 - Level 3.0 Fighting
 - Level 3.0 Axes
 - Level 3.0 Armour
 + Level 2.1 Dodging
 - Level 5.0 Stealth
 - Level 2.0 Shields


You had 2 spell levels left.
You knew the following spells:

 Your Spells              Type           Power      Damage    Failure   Level
a - Blink                 Tloc           N/A        N/A       98%         2

Your spell library contained the following spells:

 Spells                   Type           Power      Damage    Failure   Level
 Fulminant Prism          Conj/Hex       0%         3d6       100%        4
 Iskenderun's Mystic Bla  Conj/Tloc      0%         2d3       100%        4
 Lee's Rapid Deconstruct  Erth           0%         3d5*      100%        5
 Manifold Assault         Tloc           0%         N/A       100%        5
 Storm Form               Tmut/Air       0%         N/A       100%        7


Dungeon Overview and Level Annotations

Branches:
Dungeon (5/15)             Temple (0/1) D:4

Altars:

Annotations:
D:2 exclusions: black bear and ogre


Message History

You block the iguana's attack.
You closely miss the iguana. You block the iguana's attack.
You hit the iguana.
The iguana is lightly wounded.
You block the iguana's attack. The iguana bites you.
You hit the iguana.
The iguana is moderately wounded.
The iguana bites you.
You hit the iguana but do no damage.
The iguana is moderately wounded.
The iguana bites you!
You hit the iguana but do no damage.
The iguana is moderately wounded.
You block the iguana's attack. The iguana bites you.
You closely miss the iguana.
The iguana is moderately wounded.
You block the iguana's attack.
You hit the iguana but do no damage.
The iguana is moderately wounded.
The iguana bites you!
* * * LOW HITPOINT WARNING * * *
You feel better.
The iguana bites you but does no damage.
You hit the iguana but do no damage.
The iguana is moderately wounded.
The iguana bites you! The iguana closely misses you.
You hit the iguana but do no damage.
The iguana is moderately wounded.
The iguana bites you!
* * * LOW HITPOINT WARNING * * *
You hit the iguana but do no damage.
The iguana is moderately wounded.
You block the iguana's attack. The iguana barely misses you.
You hit the iguana.
The iguana is severely wounded.
The iguana closely misses you.
You hit the iguana.
The iguana is severely wounded.
You block the iguana's attack. The iguana bites you!
You die...

..#,,,*,,,,,,,,,*,,*,,,,,,,,,,,,,
..#,,,***********,,*,,.#,******,*
..#,,,,,,,,,,,,,,,,*,..#,,* *,*
..#,,,,,,,,,,,,,,,,+...#*,*****,,
..###########+######..[#*,,,,**,*
.......................#**,,,,≈,,
..............)........# *,,,≈,≈,
.......................# *,,≈,,,≈
................@l.....# *,≈,,∩,,
..##......############## **,≈,,,≈
..##......# *,,≈,≈, .8##.##8..#
*,,,≈,, ..#...##..# ***,,,*
.#.....#### *,*,* .......# *,,,*
..#..#.# **,,* ..#...##* *,,*


You could see an iguana.

Vanquished Creatures
  An orc wizard (D:3)
  A howler monkey skeleton (D:2)
  An adder skeleton (D:4)
  2 dart slugs (D:1)
  4 orcs (D:3)
  4 ball pythons
  7 endoplasms
  A giant cockroach (D:1)
  4 goblins
  4 hobgoblins
  10 jackals
  3 quokkas
  7 bats
  2 frilled lizards (D:1)
  8 kobolds
  9 rats
68 creatures vanquished.

Vanquished Creatures (others)
  A ball python (D:1)
1 creature vanquished.

Grand Total: 69 creatures vanquished

Notes
Turn   | Place    | Note
-------+----------+-------------------------------------------
     0 | D:5      | potato4science the Human Delver began the quest for the
                  | Orb.
     0 | D:5      | Reached XP level 1. HP: 18/18 MP: 1/1
   261 | D:2      | Reached skill level 1 in Armour
   441 | D:1      | Reached XP level 2. HP: 24/24 MP: 2/2
   693 | D:1      | Reached XP level 3. HP: 25/29 MP: 3/3
   858 | D:1      | Reached skill level 1 in Shields
  1575 | D:1      | Found a faded altar of an unknown god.
  2105 | D:2      | Reached XP level 4. HP: 30/35 MP: 4/4
  2176 | D:2      | Noticed a black bear
  2696 | D:2      | Noticed an ogre
  3295 | D:3      | Reached XP level 5. HP: 20/41 MP: 5/5
  3485 | D:3      | Learned a level 2 spell: Blink
  3932 | D:4      | Slain by an iguana

Illustrated notes

Levels and vault maps discovered:
D:1:      saegor_arrival_simple_b, layout_basic, ebering_ecumenical_altar_webs,
          corexii_hall_statues_t, lemuel_flame_loot_1
D:2:      layout_loops_corners
D:3:      layout_rooms
D:4:      layout_basic, minmay_temple_entry_glassed_door, serial_shops,
          nicolae_diamond_shop, lightli_ossuary_entry_decrepit_ruins,
          nrook_campfire, wad_orctagon
D:5:      mumra_celtic_spiral_tile, layout_basic, tgw_trog, grunt_ministairs_9,
          bh_walls_and_bars

Skill      XL: |  1  2  3  4  5 |
---------------+----------------+-----
Armour         | 1 2 3 |  3.0
Shields        | 2 |  2.0
Axes           | 3 |  3.0
Fighting       | |  3.0
Dodging        | |  2.1
Stealth        | |  5.0

Action                   |  1- 3 |  4- 6 || total
-------------------------+-------+-------++-------
Melee: Hand axe          |   133 |   114 ||   247
 Fire: Hunting sling     |       |     1 ||     1
Throw: Stone             |       |    31 ||    31
  Use: Potion            |       |     3 ||     3
       Scroll            |       |     1 ||     1
 Stab: Sleeping          |     8 |     6 ||    14
Armor: Leather armour    |    47 |    44 ||    91
Dodge: Dodged            |    71 |    58 ||   129
Block: Kite shield       |    30 |    51 ||    81
